 Dungeon Crawl Stone Soup version 0.28.0 (webtiles) character file.

Game seed: 17333474124174357569

439 bande the Chopper (level 7, 0/44 HPs)
             Began as a Gargoyle Fighter on Feb 19, 2022.
             Killed from afar by a bog mummy (6 damage)
             ... with a puff of frost
             ... in an ossuary.
             The game lasted 00:06:22 (4844 turns).

bande the Chopper (Gargoyle Fighter)                Turns: 4844, Time: 00:06:23

Health: 0/44       AC: 13    Str: 20    XL:     7   Next: 1%
Magic:  7/7        EV:  9    Int:  8    God:
Gold:   124        SH:  5    Dex: 17    Spells: 6/6 levels left

rFire   . . .      SeeInvis .   a - +0 war axe
rCold   . . .      Faith    .   c - +0 buckler
rNeg    + . .      Spirit   .   b - +0 scale mail
rPois   ∞          Reflect  .   k - +0 helmet
rElec   +          Harm     .   g - scarf {repulsion}
rCorr   .          Rampage  .   (no gloves)
Will    .....                   (no boots)
Stlth   ..........              (no amulet)
HPRegen 0.14/turn               l - +6 ring of dexterity
MPRegen 0.10/turn               (no ring)

@: slowed, repel missiles, very slow
A: sickness immunity, AC +4, negative energy resistance 1, electricity
resistance, torment resistance 1, petrification resistance
a: no special abilities


You were in an ossuary.
You visited 1 branch of the dungeon, and saw 4 of its levels.
You also visited: Sewer and Ossuary.

You collected 124 gold pieces.

Inventory:

Hand Weapons
 a - a +0 war axe (weapon)
 i - a +0 flail
 j - a +0 war axe
Armour
 b - a +0 scale mail (worn)
 c - a +0 buckler (worn)
 g - a scarf of repulsion (worn)
 k - a +0 helmet (worn)
Jewellery
 l - a +6 ring of dexterity (left hand)
Wands
 r - a wand of polymorph (7)
Scrolls
 m - a scroll of amnesia
 q - a scroll of fear {unknown}
 s - 2 scrolls of fog {unknown}
 t - a scroll of teleportation
Potions
 d - a potion of might
 e - a potion of curing
 f - a potion of flight
 h - a potion of brilliance
 n - 4 potions of haste
 o - a potion of magic {unknown}
 p - 3 potions of heal wounds {unknown}


   Skills:
 + Level 4.5 Fighting
 + Level 4.9 Axes
 + Level 4.6 Armour
 + Level 4.1 Shields


You had 6 spell levels left.
You didn't know any spells.
Your spell library contained the following spells:

 Spells                   Type           Power      Damage    Failure   Level
 Dazzling Flash           Conj/Hex       0%         N/A       99%         3
 Iskenderun's Mystic Bla  Conj/Tloc      0%         2d3       100%        4
 Starburst                Conj/Fire      0%         6d3       100%        6


Dungeon Overview and Level Annotations

Branches:
Dungeon (4/15)              Sewer (visited)         Ossuary (1/1)
 Temple: D:4-7

Altars:


Innate Abilities, Weirdness & Mutations

You are immune to sickness and miasma.
Your stone body is resilient. (AC +4)
You are immune to poison.
You resist negative energy. (rN+)
You are resistant to electric shocks. (rElec)
You are resistant to unholy torment.
You are immune to petrification.


Message History

You slash the mummy!
The mummy is almost destroyed.
You closely miss the bog mummy. You block the mummy's attack.
The bog mummy gestures at you while chanting.
The puff of frost hits you.
You are too injured to fight recklessly!
You are too injured to fight recklessly!
You are too injured to fight recklessly!
You are too injured to fight recklessly!
You are too injured to fight recklessly!
You are too injured to fight recklessly!
You are too injured to fight recklessly!
You are too injured to fight recklessly!
Unknown command.
You hit the mummy.
The mummy is almost destroyed.
You hit the bog mummy but do no damage.
A bullfrog zombie comes into view.
The mummy hits you but does no damage.
The bog mummy hits you but does no damage.
The mummy hits you!
* * * LOW HITPOINT WARNING * * *
You block the bog mummy's attack.
The bullfrog zombie moves out of view.
You hit the mummy.
You destroy the mummy!
You hit the bog mummy. The bog mummy barely misses you.
You have reached level 7!
You barely miss the bog mummy.
The bog mummy is moderately damaged.
The bog mummy splashes around in the water.
You hit the bog mummy but do no damage.
The bog mummy is moderately damaged.
A killer bee zombie comes into view.
The bog mummy hits you but does no damage.
You slash the bog mummy!
The bog mummy is almost destroyed.
A centaur zombie comes into view.
The bog mummy casts a spell at you. The puff of frost hits you.
You die...

.# .≈ #####≈#
≈ #∩..#≈+ #≈#
#.∩.#Z##≈≈
#...#≈..#
+##+##'##M≈≈#
.........@...#
'#'#+#+#+#+###


You could see a bog mummy and a killer bee zombie.

Vanquished Creatures
  3 kobold brigands (Sewer)
  2 mummies (Ossuary)
  Robin (D:3)
  3 adders
  3 gnolls (D:3)
  2 river rats (D:3)
  A worm (D:2)
  2 dart slugs (D:2)
  3 orcs (D:2)
  8 ball pythons
  13 bats
  4 endoplasms
  10 giant cockroaches
  12 goblins
  9 hobgoblins
  3 jackals (D:1)
  A quokka (D:1)
  6 frilled lizards
  18 kobolds
  8 rats
112 creatures vanquished.

Vanquished Creatures (others)
  2 fungi (Sewer)
  3 plants (Sewer)
  2 withered plants (Ossuary)
7 creatures vanquished.

Grand Total: 119 creatures vanquished

Notes
Turn   | Place    | Note
-------+----------+-------------------------------------------
     0 | D:1      | bande the Gargoyle Fighter began the quest for the Orb.
     0 | D:1      | Reached XP level 1. HP: 14/14 MP: 1/1
   211 | D:1      | Reached XP level 2. HP: 19/19 MP: 2/2
   836 | D:1      | Found a faded altar of an unknown god.
   855 | D:1      | Reached XP level 3. HP: 21/23 MP: 3/3
  1542 | D:2      | Reached XP level 4. HP: 16/29 MP: 4/4
  2451 | D:3      | Reached XP level 5. HP: 19/33 MP: 5/5
  2465 | D:3      | Found a glowing drain.
  2477 | Sewer    | Entered a sewer
  2735 | Sewer    | Noticed a kobold brigand
  2754 | Sewer    | Killed a kobold brigand
  2993 | Sewer    | Noticed a kobold brigand
  2993 | Sewer    | Noticed a kobold brigand
  3000 | Sewer    | Killed a kobold brigand
  3001 | Sewer    | Reached XP level 6. HP: 11/38 MP: 6/6
  3002 | Sewer    | HP: 1/38 [kobold brigand (3)]
  3647 | D:3      | Noticed Robin
  3659 | D:3      | Killed Robin
  4816 | D:4      | Found a sand-covered staircase.
  4825 | Ossuary  | Entered an ossuary
  4842 | Ossuary  | Reached XP level 7. HP: 5/44 MP: 7/7
  4844 | Ossuary  | Killed from afar by a bog mummy

Illustrated notes

Levels and vault maps discovered:
D:1:      mainiacjoe_arrival_reflecting_pool, layout_loops_corners,
          chequers_ecumenical_altar_simple
D:2:      layout_rooms
D:3:      layout_loops_corners, portal_sewer_entry_e, uniq_robin
D:4:      layout_loops_ring, lightli_ossuary_entry_decrepit_ruins
Ossuary:  ossuary_zaba_flooded

Skill      XL: |  1  2  3  4  5 |
---------------+----------------+-----
Axes           | 2 3 4 |  4.9
Armour         | 4 |  4.6
Fighting       | 4 |  4.5
Shields        | 4 |  4.1

Action                   |  1- 3 |  4- 6 |  7- 9 || total
-------------------------+-------+-------+-------++-------
Melee: War axe           |   113 |   204 |     3 ||   320
  Use: Scroll            |     1 |     8 |       ||     9
       Potion            |       |     1 |       ||     1
Armor: Scale mail        |    70 |   110 |     1 ||   181
Dodge: Dodged            |    77 |   108 |       ||   185
Block: Buckler           |    38 |    66 |       ||   104
